 Dungeon Crawl Stone Soup version 0.26.1-11-gd32895ea62 (webtiles) character file.

Game seed: 3510949690289499775

14221 hawla the Thaumaturge (level 11, -4/54 HPs)
             Began as a Deep Elf Conjurer on June 18, 2021.
             Was a Priest of Vehumet.
             Hit by a silver javelin thrown by Urug (21 damage)
             ... on level 12 of the Dungeon on June 19, 2021.
             The game lasted 00:44:25 (14978 turns).

hawla the Thaumaturge (Deep Elf Conjurer)          Turns: 14978, Time: 00:44:26

Health: -4/54      AC: 11    Str:  4    XL:     11   Next: 85%
Magic:  21/29      EV: 14    Int: 27    God:    Vehumet [***...]
Gold:   148        SH:  0    Dex: 13    Spells: 25/34 levels left

rFire    + . .     SeeInvis +   t - +7 quarterstaff (vorpal)
rCold    . . .     Faith    .   (shield currently unavailable)
rNeg     . . .     Spirit   .   y - +1 troll leather armour of Syimuh {rF+ Regen+}
rPois    .         Reflect  .   j - +1 helmet
rElec    .         Harm     .   u - +1 cloak
rCorr    .         Rampage  .   (no gloves)
Will     +....                  (no boots)
Stlth    ++++......             (no amulet)
HPRegen  0.58/turn              d - ring of flight
MPRegen  0.21/turn              i - ring of see invisible

@: no status effects
A: iridescent scales 1, blurry vision 1, frail 1
a: Renounce Religion, Evoke Flight


You were on level 12 of the Dungeon.
You worshipped Vehumet.
Vehumet was most pleased with you.
You visited 2 branches of the dungeon, and saw 13 of its levels.

You collected 608 gold pieces.
You spent 460 gold pieces at shops.

Inventory:

Hand Weapons
 t - a +7 vorpal quarterstaff (weapon)
Missiles
 a - 2 boomerangs
 r - 22 poisoned darts (quivered)
 C - 6 silver boomerangs
Armour
 j - a +1 helmet (worn)
 k - a +0 buckler
 u - a +1 cloak (worn)
 y - the +1 troll leather armour of Syimuh (worn) {rF+ Regen+}
   (You bought it in a shop on level 5 of the Dungeon)

   It protects you from fire.
   It increases your rate of regeneration.
Jewellery
 d - a ring of flight (left hand)
 i - a ring of see invisible (right hand)
Wands
 e - a wand of random effects (36)
 f - a wand of flame (10)
 l - a wand of iceblast (25)
 v - a wand of enslavement (12)
 w - a wand of polymorph (8)
Scrolls
 b - a scroll of fog
 g - a scroll of fear
 n - 3 scrolls of remove curse
 p - a scroll of amnesia
 q - a scroll of noise
 s - 3 scrolls of enchant weapon
 x - a scroll of enchant armour
 A - 2 scrolls of teleportation
 B - a scroll of magic mapping
Potions
 c - 3 potions of curing
 h - a potion of attraction
 m - 2 potions of flight
 z - a potion of cancellation


   Skills:
 + Level 3.7 Fighting
 + Level 7.7 Staves
 + Level 1.4 Throwing
 + Level 2.9 Armour
 + Level 6.2 Dodging
 + Level 8.3 Stealth
 + Level 12.4 Spellcasting
 + Level 11.0 Conjurations
 + Level 6.6 Translocations
 + Level 1.4 Fire Magic


You had 25 spell levels left.
You knew the following spells:

 Your Spells              Type           Power        Failure   Level
a - Magic Dart            Conj           100%         1%          1
b - Searing Ray           Conj           100%         1%          2
c - Iskenderun's Mystic   Conj/Tloc      59%          1%          4
d - Foxfire               Conj/Fire      100%         1%          1
e - Apportation           Tloc           100%         1%          1

Your spell library contained the following spells:

 Spells                   Type           Power        Failure   Level
 Static Discharge         Conj/Air       46%          1%          3
 Dazzling Flash           Conj/Hex       92%          1%          3
 Fulminant Prism          Conj/Hex       23%          1%          4
 Animate Skeleton         Necr           32%          6%          1
 Beastly Appendage        Tmut           32%          6%          1
 Corona                   Hex            17%          6%          1
 Summon Small Mammal      Summ           64%          6%          1
 Wereblood                Tmut           16%          9%          2
 Spider Form              Tmut/Pois      8%           17%         3
 Ice Form                 Ice/Tmut       16%          50%         4
 Blade Hands              Tmut           8%           85%         5


Dungeon Overview and Level Annotations

Branches:
Dungeon (12/15)            Temple (1/1) D:4            Lair (0/6) D:9
    Orc (0/2) D:11

Altars:
Ashenzari
Cheibriados
Dithmenos
Elyvilon
Fedhas
Gozag
Hepliaklqana
Kikubaaqudgha
Makhleb
Nemelex Xobeh
Okawaru
Qazlal
Ru
Sif Muna
Trog
Uskayaw
Vehumet
Wu Jian
Xom
Yredelemnul
Zin
The Shining One

Shops:
D:5 *

Annotations:
D:11 exclusion: obsidian statue
D:12 Urug


Innate Abilities, Weirdness & Mutations

You are partially covered in iridescent scales. (AC +2)
Scrolls take you a little longer to read.
You are frail. (-10% HP)


Message History

Vehumet accepts your kill.
You feel your power returning. (Press . to maintain the ray.)
The searing ray hits Urug!
Urug is lightly wounded.
A phantom comes into view.
Urug throws a silver javelin.
The silver javelin pierces through you! The silver sears you!
The searing ray hits Urug!
Urug is moderately wounded.
Urug throws a silver javelin.
The silver javelin barely misses you.
The searing ray misses Urug.
You finish channeling your searing ray.
Urug throws a silver javelin.
The silver javelin pierces through you!!
* * * LOW HITPOINT WARNING * * *
The silver sears you!
* * * LOW HITPOINT WARNING * * *
You feel better.
The phantom blinks!
Urug throws a silver javelin.
The silver javelin pierces through you!!
You die...

#..........#
#..........#
#....#####.#
#....#####(#
###....§...(.#
.........†....#
........[†o...#
#####W....)...# ####.
#...@.....# .......#
#.........# .......#
#.........# ####...#
#(........# #...#
#.........# #...#
#.........# #...#
#..>......#
#...######.........#
####.................)#


You could see Urug and a phantom.

Vanquished Creatures
  Josephine (D:10)
  Erica (D:10)
  4 two-headed ogres
  Pikel (D:5)
  Maurice (D:11)
  A troll (D:9)
  Grinder (D:3)
  Prince Ribbit (D:5)
  The ghost of BlaiseRascal the Sneak, an amateur OpMo (D:4)
  A wyvern (D:8)
  Eustachio (D:5)
  4 wraiths
  A vampire (D:12)
  3 yaks
  An acid dragon (D:12)
  A soldier ant (D:9)
  2 water moccasins (D:10)
  A necrophage (D:8)
  5 sky beasts
  2 ice beasts
  A black bear (D:10)
  4 orc warriors
  7 ogres
  2 phantoms
  10 centaurs
  A big kobold (D:10)
  A bullfrog (D:6)
  A wyvern zombie (D:7)
  2 scorpions
  A wyvern skeleton (D:10)
  11 killer bees
  7 wights
  4 howler monkeys
  2 centaur zombies
  A quasit (D:12)
  A gnoll shaman (D:8)
  A hound (D:4)
  Crazy Yiuf (D:3)
  5 orc priests
  5 centaur skeletons
  3 jellies
  6 orc wizards
  2 bullfrog skeletons (D:10)
  Jessica (D:3)
  5 iguanas
  11 worker ants
  A hound zombie (D:7)
  2 howler monkey zombies
  3 howler monkey skeletons
  3 gnolls (D:8)
  12 adders
  A shadow imp (D:10)
  A white imp (D:7)
  3 oozes
  An adder zombie (D:5)
  3 adder skeletons
  3 worms
  5 dart slugs
  5 leopard geckos
  39 orcs
  8 giant cockroaches
  10 hobgoblins
  16 jackals
  4 quokkas
  2 ball pythons
  3 bats
  8 frilled lizards
  A giant cockroach zombie (D:6)
  13 goblins
  15 kobolds
  A leopard gecko zombie (D:5)
  5 rats
298 creatures vanquished.

Vanquished Creatures (others)
  A yak (D:12)
  63 foxfires
64 creatures vanquished.

Grand Total: 362 creatures vanquished

Notes
Turn   | Place    | Note
-------+----------+-------------------------------------------
     0 | D:1      | hawla the Deep Elf Conjurer began the quest for the Orb.
     0 | D:1      | Reached XP level 1. HP: 10/10 MP: 6/6
   497 | D:1      | Reached XP level 2. HP: 16/16 MP: 4/8
   500 | D:1      | Learned a level 2 spell: Searing Ray
   728 | D:1      | Reached skill level 1 in Translocations
   886 | D:1      | Reached XP level 3. HP: 20/20 MP: 1/10
  1000 | D:1      | Reached skill level 1 in Fighting
  1579 | D:2      | Found a sparkling altar of Nemelex Xobeh.
  1865 | D:2      | Reached skill level 4 in Spellcasting
  1930 | D:2      | Found a basalt altar of Yredelemnul.
  2006 | D:2      | Found a white marble altar of Elyvilon.
  2015 | D:2      | Reached XP level 4. HP: 22/25 MP: 3/12
  2017 | D:2      | Reached skill level 5 in Conjurations
  2022 | D:2      | Learned a level 4 spell: Iskenderun's Mystic Blast
  2704 | D:3      | Noticed an ogre
  2710 | D:3      | Killed an ogre
  2711 | D:3      | Reached XP level 5. HP: 15/29 MP: 4/13
  3074 | D:3      | Found a runed translucent door.
  3075 | D:3      | Noticed Crazy Yiuf
  3294 | D:3      | Reached XP level 6. HP: 23/34 MP: 11/14
  3559 | D:3      | Found an opulent altar of Gozag.
  3671 | D:3      | Noticed Grinder
  3676 | D:3      | Paralysed by Grinder for 5 turns
  3684 | D:3      | Killed Grinder
  3868 | D:3      | Noticed Jessica
  3870 | D:3      | Killed Jessica
  4286 | D:3      | Killed Crazy Yiuf
  4287 | D:3      | Reached XP level 7. HP: 38/38 MP: 7/16
  4503 | D:4      | Found a staircase to the Ecumenical Temple.
  4508 | D:4      | Reached skill level 5 in Spellcasting
  4516 | Temple   | Entered the Ecumenical Temple
  4818 | D:4      | Found a runed translucent door.
  4818 | D:4      | Noticed BlaiseRascal's ghost (amateur OpMo)
  4830 | D:4      | Found a hide-covered altar of Uskayaw.
  5301 | D:4      | Found an iron altar of Okawaru.
  5503 | D:4      | Gained mutation: You are frail. (-10% HP) [potion of
                  | mutation]
  5503 | D:4      | Gained mutation: You are partially covered in iridescent
                  | scales. (AC +2) [potion of mutation]
  5510 | D:4      | Killed BlaiseRascal's ghost
  5511 | D:4      | Reached skill level 1 in Staves
  5511 | D:4      | Reached skill level 6 in Spellcasting
  5637 | D:5      | Entered Level 5 of the Dungeon
  5641 | D:5      | Noticed Pikel
  5659 | D:5      | Killed Pikel
  5660 | D:5      | Reached skill level 5 in Stealth
  5660 | D:5      | Reached XP level 8. HP: 20/38 MP: 2/20
  6195 | D:5      | Found Heasul's Assorted Antiques.
  6216 | D:5      | Reached skill level 7 in Spellcasting
  6427 | D:5      | Noticed Eustachio
  6437 | D:5      | Killed Eustachio
  6534 | D:5      | Noticed Prince Ribbit
  6542 | D:5      | Killed Prince Ribbit
  7438 | D:6      | Reached XP level 9. HP: 43/43 MP: 22/22
  7503 | D:6      | Found a shimmering blue altar of Sif Muna.
  7923 | D:6      | Found a glowing golden altar of the Shining One.
  8539 | D:7      | Found a radiant altar of Vehumet.
  8587 | D:7      | Became a worshipper of Vehumet
  8810 | D:7      | Found an ornate altar of the Wu Jian Council.
  8999 | D:8      | Reached skill level 5 in Staves
  9085 | D:8      | Noticed a two-headed ogre
  9093 | D:8      | Killed a two-headed ogre
  9094 | D:8      | Reached skill level 8 in Spellcasting
  9883 | D:8      | Reached XP level 10. HP: 50/50 MP: 18/24
 10894 | D:9      | Reached skill level 5 in Dodging
 11032 | D:9      | Found a staircase to the Lair.
 11046 | D:9      | Reached skill level 9 in Spellcasting
 11509 | D:5      | Bought a faintly humming troll leather armour for 460 gold
                  | pieces
 11588 | D:9      | Identified the +1 troll leather armour of Syimuh {rF+
                  | Regen+} (You bought it in a shop on level 5 of the Dungeon)
 11617 | D:10     | Entered Level 10 of the Dungeon
 11774 | D:10     | Reached * piety under Vehumet
 11774 | D:10     | Offered knowledge of Foxfire by Vehumet.
 11788 | D:10     | Learned a level 1 spell: Foxfire
 11978 | D:10     | Noticed Erica
 11994 | D:10     | Killed Erica
 11995 | D:10     | Reached skill level 10 in Conjurations
 11995 | D:10     | Reached skill level 5 in Translocations
 12079 | D:10     | Found a burning altar of Makhleb.
 12292 | D:10     | Reached skill level 10 in Spellcasting
 12386 | D:10     | Reached skill level 1 in Armour
 12639 | D:10     | Noticed a two-headed ogre
 12650 | D:10     | Killed a two-headed ogre
 12651 | D:10     | Reached skill level 1 in Fire Magic
 12651 | D:10     | Reached XP level 11. HP: 54/54 MP: 5/27
 12947 | D:11     | Noticed Josephine
 13071 | D:10     | Killed Josephine
 13137 | D:11     | Reached skill level 11 in Spellcasting
 13283 | D:11     | Noticed an obsidian statue
 13296 | D:11     | Noticed a sixfirhy
 13459 | D:11     | Noticed Maurice
 13471 | D:11     | Killed Maurice
 13567 | D:11     | Offered knowledge of Shock by Vehumet.
 13568 | D:11     | Reached ** piety under Vehumet
 13676 | D:11     | Found a staircase to the Orcish Mines.
 14131 | D:11     | Gained mutation: Scrolls take you a little longer to read.
                  | [a neqoxec]
 14367 | D:11     | Learned a level 1 spell: Apportation
 14516 | D:12     | Offered knowledge of Static Discharge by Vehumet.
 14729 | D:12     | Noticed a two-headed ogre
 14738 | D:12     | Killed a two-headed ogre
 14739 | D:12     | Reached skill level 1 in Throwing
 14739 | D:12     | Reached skill level 12 in Spellcasting
 14846 | D:12     | Reached *** piety under Vehumet
 14945 | D:12     | Noticed a two-headed ogre
 14954 | D:12     | Noticed Urug
 14974 | D:12     | Killed a two-headed ogre
 14978 | D:12     | Hit by a silver javelin thrown by Urug

Illustrated notes

Levels and vault maps discovered:
D:1:      kennysheep_arrival_seaside, layout_rooms, grunt_decor_one_mirror,
          chequers_jeans, chequers_serial_rivers_large_a, minmay_small_reverse_x
D:2:      kennysheep_the_goblin_king, layout_loops_ring, lemuel_round_altar,
          overflow_temple_1_default, elyvilon_altar_3
D:3:      layout_basic, nicolae_gozag_cash_rules_everything_around_me,
          uniq_jessica, uniq_grinder, uniq_crazy_yiuf_cottage
D:4:      layout_basic, old_standard_altar, okawaru_ov_weapons_minmay,
          minmay_temple_entry_statues_fountains, hellmonk_ghost_happy_afterlife
D:5:      layout_basic, serial_shops, nicolae_shop_behind_doors, uniq_eustachio,
          uniq_prince_ribbit1, uniq_pikel
D:6:      layout_basic, nicolae_overflow_crystal_walls, lemuel_doored_altar,
          minmay_misc_feat_room
D:7:      layout_basic, nzn_wu_jian_council_hall, lemuel_round_altar
D:8:      layout_layer_cave, kennysheep_generic_room_14
D:9:      layout_roguey, lair_entry_dummy
D:10:     layout_basic, basic_altar, serial_corexii_hall,
          corexii_hall_statues_u, chequers_hall_statues_wall_a, uniq_erica
D:11:     layout_rooms, orc_0_dummy, minivault_16,
          chequers_serial_rivers_small_3, uniq_maurice, uniq_josephine
D:12:     layout_small_grid, uniq_urug, uniq_fannar
Temple:   nicolae_temple_x_marks_the_god

Skill      XL: |  1  2  3  4  5  6  7  8  9 10 11 |
---------------+----------------------------------+-----
Translocations | 1 2 3 4 5 6 |  6.6
Fighting       | 1 3 |  3.7
Spellcasting   | 4 6 7 8 10 12 | 12.4
Conjurations   | 6 7 8 9 10 11 | 11.0
Stealth        | 3 5 7 8 |  8.3
Staves         | 2 4 6 7 |  7.7
Dodging        | 3 4 5 6 |  6.2
Armour         | 1 2 |  2.9
Fire Magic     | 1 |  1.4
Throwing       | 1 |  1.4

Action                   |  1- 3 |  4- 6 |  7- 9 | 10-12 || total
-------------------------+-------+-------+-------+-------++-------
Melee: Unarmed           |    11 |     2 |       |       ||    13
       Quarterstaff      |       |       |   144 |    48 ||   192
Throw: Dart              |       |       |       |    14 ||    14
       Boomerang         |       |       |       |     5 ||     5
 Cast: Magic Dart        |    37 |     9 |    11 |    14 ||    71
       Searing Ray       |    22 |    33 |    34 |    44 ||   133
       Iskenderun's Myst |       |     4 |    37 |    89 ||   130
       Foxfire           |       |       |       |    35 ||    35
  Use: Scroll            |     5 |     3 |    14 |     4 ||    26
       Potion            |       |       |    11 |    13 ||    24
 Stab: Sleeping          |       |       |     9 |     1 ||    10
       Invisible         |       |       |     1 |       ||     1
       Paralysed         |       |       |     2 |       ||     2
       Distracted        |       |       |     2 |     2 ||     4
Armor: Robe              |     9 |     4 |    40 |     5 ||    58
       Skin              |       |       |     3 |       ||     3
       Troll leather arm |       |       |       |    80 ||    80
Dodge: Dodged            |    23 |     6 |   123 |   152 ||   304
